 Dungeon Sprint DCSS version 0.20.1-1-g8b1a95d (webtiles) character file.

627 potatolord6000 the Skirmisher (level 7, 0/67 HPs)
             Began as a Demonspawn Fighter on Aug 28, 2017.
             Killed from afar by a lava snake (16 damage)
             ... with a glob of lava
             ... in the Dungeon (Sprint II: "The Violet Keep of Menkaure").
             The game lasted 00:01:27 (108 turns).

potatolord6000 the Skirmisher (Demonspawn Fighter)   Turns: 108, Time: 00:01:27

Health: 0/67       AC:  6    Str: 23    XL:     7   Next: 23%
Magic:  13/16      EV:  8    Int:  7    God:
Gold:   486        SH: 11    Dex: 13    Spells: 18/18 levels left

rFire    . . .     SeeInvis .   a - +0 long sword
rCold    . . .     Gourm    .   c - +0 shield
rNeg     . . .     Faith    .   b - +0 scale mail
rPois    .         Spirit   .   (no helmet)
rElec    .         Reflect  .   (no cloak)
rCorr    .         Harm     .   (no gloves)
MR       .....     Rnd*Rage +   (no boots) Stlth ..........NoTele +
                                (no amulet)
Regen    0.3/turn               (no ring)
MPRegen  0.2/turn               (no ring)

@: mighty
A: claws 2, yellow scales 1, berserk 1, blurry vision 1, deformed body, dopey 1,
robust 1, spiny 1
a: no special abilities


You were in the Dungeon.
You were not hungry.

You visited 1 branch You collected 486 gold pieces.

Inventory:

Hand Weapons
 a - a +0 long sword (weapon)
Armour
 b - a +0 scale mail (worn)
 c - a +0 shield (worn)
Scrolls
 k - a scroll of blinking
Potions
 i - 2 potions of magic
 j - a potion of berserk rage
Comestibles
 f - a bread ration


   Skills:
 + Level 7.7 Fighting
 + Level 6.6 Long Blades
 + Level 6.9 Armour
 + Level 7.1 Shields
 + Level 6.3 Spellcasting


You had 18 spell levels left.
You didn't know any spells.

Dungeon Overview and Level Annotations

Branches:
Dungeon (1/1)

Altars:


Innate Abilities, Weirdness & Mutations

You have very sharp fingernails.
You are partially covered in yellow scales. (AC +2)
You are partially covered in sharp spines.
You tend to lose your temper in combat.
Scrolls take you a little longer to read.
Armour fits poorly on your strangely shaped body.
You are dopey. (Int -2)
You are robust. (+10% HP)


Message History

You closely miss the neqoxec.
The neqoxec is almost dead.
You block the neqoxec's attack.
Unknown command.
You slash the neqoxec!
You kill the neqoxec!
Your Shields skill increases to level 7!
Your Spellcasting skill increases to level 6!
You have reached level 7!
Unknown command.
There is a staircase leading out of the dungeon here.
Really walk into a travel-excluded area?
There is an open door here.
You now have 486 gold pieces (gained 243). 2 lava snakes come into view.
The lava snake hisses angrily.
Unknown command.
The lava snake spits lava at you. The glob of lava hits you!
You die...

§≈§§≈##
§§≈§§≈#
§§§≈≈#
§S§S#
#'''# §..
##§#
##@####
#.##..#
##...# ##
##'###.##
##.##...#
+.<.†.##+
##.##...#
#+###.##
##


You could see 2 lava snakes.

Vanquished Creatures
  3 neqoxecs (D)
  4 necrophages (D)
7 creatures vanquished.

Vanquished Creatures (others)
  A neqoxec (D)
  Menkaure (D)
  A crocodile (D)
3 creatures vanquished.

Grand Total: 10 creatures vanquished

Notes
Turn   | Place    | Note
-------+----------+-------------------------------------------
     0 | D        | potatolord6000 the Demonspawn Fighter began the quest for the Orb.
     0 | D        | Reached XP level 1. HP: 18/18 MP: 1/1
     1 | D        | Noticed a necrophage
     1 | D        | Noticed a necrophage
     1 | D        | Noticed a necrophage
     1 | D        | Noticed a necrophage
    16 | D        | Killed a necrophage
    16 | D        | Gained mutation: You are partially covered in yellow scales. (AC +2) [demonic ancestry]
    16 | D        | Reached XP level 2. HP: 4/26 MP: 1/6
    16 | D        | Gained mutation: You are partially covered in sharp spines. [demonic ancestry]
    16 | D        | Reached XP level 3. HP: 5/32 MP: 1/7
    16 | D        | Gained mutation: You have sharp fingernails. [demonic ancestry]
    16 | D        | Reached XP level 4. HP: 6/38 MP: 1/8
    28 | D        | Killed a necrophage
    28 | D        | Reached skill level 5 in Fighting
    28 | D        | Reached skill level 5 in Armour
    28 | D        | Reached skill level 5 in Shields
    28 | D        | Gained mutation: You have very sharp fingernails. [demonic ancestry]
    28 | D        | Reached XP level 5. HP: 13/44 MP: 2/11
    35 | D        | Killed a necrophage
    35 | D        | Reached skill level 5 in Long Blades
    46 | D        | Killed a necrophage
    46 | D        | Reached skill level 5 in Spellcasting
    46 | D        | Reached XP level 6. HP: 5/50 MP: 4/13
    65 | D        | Noticed a neqoxec
    66 | D        | Killed Menkaure
    71 | D        | Gained mutation: You are dopey. (Int -2) [a neqoxec]
    71 | D        | Killed a neqoxec
    73 | D        | Noticed a neqoxec
    77 | D        | Gained mutation: You are robust. (+10% HP) [a neqoxec]
    78 | D        | Gained mutation: Scrolls take you a little longer to read. [a neqoxec]
    83 | D        | Killed a neqoxec
    84 | D        | Gained mutation: You tend to lose your temper in combat. [a neqoxec]
    86 | D        | Killed a neqoxec
    89 | D        | Noticed a neqoxec
    90 | D        | Gained mutation: Armour fits poorly on your strangely shaped body. [a neqoxec]
   100 | D        | Killed a neqoxec
   100 | D        | Reached XP level 7. HP: 14/67 MP: 12/16
   108 | D        | Killed from afar by a lava snake

Skill      XL: |  1  2  3  4  5  6 |
---------------+-------------------+-----
Fighting       | 4 5 6 7 |  7.7
Long Blades    | 3 4 5 6 |  6.6
Armour         | 4 5 6 |  6.9
Shields        | 4 5 6 7 |  7.1
Spellcasting   | 3 4 5 6 |  6.3

Action                   |  1- 3 |  4- 6 |  7- 9 || total
-------------------------+-------+-------+-------++-------
Melee: Long sword        |    14 |    47 |       ||    61
  Use: Potion            |     1 |     3 |       ||     4
Armor: Scale mail        |     6 |    12 |       ||    18
Dodge: Dodged            |       |    16 |       ||    16
Block: Shield            |     3 |    19 |       ||    22
       Rpst.: Long sword |       |     5 |       ||     5
